 Dungeon Crawl Stone Soup version 0.24-a0-27-gca774cb5d5 (webtiles) character file.

Game seed: 12369319837839524500

148906 Flugslaktarn the Champion of Chaos (level 16, 0/156 HPs)
             Began as a Deep Dwarf Fighter on Feb 2, 2019.
             Was the Champion of Makhleb.
             Slain by a spark wasp (15 damage)
             ... on level 4 of the Spider Nest.
             The game lasted 00:22:04 (19353 turns).

Flugslaktarn the Champion of Chaos (DDFi)          Turns: 19353, Time: 00:22:05

Health: 0/156      AC: 26    Str: 23    XL:     16   Next: 95%
Magic:  0/1        EV: 20    Int: 10    God:    Makhleb [******]
Gold:   1814       SH:  0    Dex: 15    Spells: 15/15 levels left

rFire    . . .     SeeInvis .   Y - +8 battleaxe (freeze)
rCold    . . .     Gourm    .   (shield currently unavailable)
rNeg     + . .     Faith    +   M - +0 plate armour
rPois    +         Spirit   .   N - +1 helmet
rElec    .         Reflect  .   e - +2 cloak
rCorr    .         Harm     .   (no gloves)
MR       ++...                  u - +1 pair of boots
Stlth    ..........             k - amulet of faith
HPRegen  0.00/turn              v - +6 ring of evasion
MPRegen  0.07/turn              o - ring of poison resistance

@: non-regenerating
A: damage resistance, heal wounds, negative energy resistance 1, sense
surroundings 2, no regeneration
a: Heal Wounds, Minor Destruction, Lesser Servant of Makhleb, Major Destruction,
Greater Servant of Makhleb, Renounce Religion


You were on level 4 of the Spider Nest.
You worshipped Makhleb.
Makhleb was exalted by your worship.
You were very hungry.

You visited 5 branches of the dungeon, and saw 28 of its levels.
You also visited: Ice Cave.

You collected 2220 gold pieces.
You spent 406 gold pieces at shops.

Inventory:

Hand Weapons
 Y - a +8 battleaxe of freezing (weapon)
Missiles
 d - 2 throwing nets (quivered)
Armour
 e - a +2 cloak (worn)
 u - a +1 pair of boots (worn)
 G - a +0 shield
 M - a +0 plate armour (worn)
 N - a +1 helmet (worn)
Jewellery
 c - an uncursed ring of protection from cold
 h - a +5 ring of evasion
 i - an uncursed ring of see invisible
 k - an amulet of faith (around neck)
 m - an uncursed ring of protection from magic
 o - a ring of poison resistance (right hand)
 s - a +4 ring of slaying
 v - a +6 ring of evasion (left hand)
Wands
 w - a wand of acid (19) {@v2}
 D - a wand of iceblast (7) {@v4}
 K - a wand of scattershot (2) {@v5}
 T - a wand of digging (6) {@v1}
Scrolls
 a - a scroll of enchant armour
 b - a scroll of fog
 q - 2 scrolls of teleportation {@r3}
 y - 4 scrolls of magic mapping
 z - a scroll of holy word
 E - 13 scrolls of remove curse {@r2}
 F - a scroll of fear
 J - 4 scrolls of immolation
 V - 6 scrolls of identify {@r1}
Potions
 g - 3 potions of haste {@q3}
 l - 11 potions of curing {@q1}
 n - 5 potions of brilliance
 p - 7 potions of flight
 r - 2 potions of magic
 t - 4 potions of berserk rage
 x - 7 potions of mutation
 A - a potion of heal wounds {@q2}
 B - 4 potions of ambrosia
 C - 9 potions of might {@q4}
 I - 2 potions of lignification
 L - 2 potions of invisibility
 O - 2 potions of resistance {@q6}
 Q - a potion of agility {@q5}
Comestibles
 f - 34 rations {@e1}


   Skills:
 + Level 13.1 Fighting
 * Level 17.2 Axes
 + Level 15.2 Armour
 + Level 11.7 Dodging
 - Level 3.2 Shields
 + Level 17.3 Invocations


You had 15 spell levels left.
You didn't know any spells.
Your spell library was empty.

Dungeon Overview and Level Annotations

Branches:
Dungeon (15/15)            Temple (1/1) D:7            Lair (6/6) D:9
 Shoals (0/4) Lair:2       Spider (4/4) Lair:4        Slime (0/5) Lair:5
    Orc (2/2) D:10         Vaults (0/5) D:13         Depths (0/5) D:15
    Elf: Orc:2

Altars:
Ashenzari
Cheibriados
Dithmenos
Elyvilon
Fedhas
Gozag
Hepliaklqana
Kikubaaqudgha
Makhleb
Okawaru
Ru
Sif Muna
Uskayaw
Vehumet
Wu Jian
Xom
Yredelemnul
Zin
The Shining One

Shops:
D:4 =   D:6 %   D:12 *   D:13 }   D:14 }   Orc:1 *

Annotations:
D:9 3 runed translucent doors, P0WERM0DE's ghost, novice DDFi
Lair:4 exclusion: oklob plant


Innate Abilities, Weirdness & Mutations

You are resistant to damage.
You can heal yourself by infusing magical energy.
You resist negative energy. (rN+)
You passively map the area around you.
You do not regenerate.


Message History

* * * LOW HITPOINT WARNING * * *
The spark wasp shocks you!
* * * LOW HITPOINT WARNING * * *
The wolf spider moves out of view. x2
You are too injured to fight recklessly!
You closely miss the spark wasp.
The spark wasp is lightly wounded.
You slice the spark wasp!! You freeze the spark wasp.
The spark wasp closely misses you. The spark wasp completely misses you.
Unknown command.
You closely miss the spark wasp.
The spark wasp is severely wounded.
You closely miss the spark wasp.
The wolf spider hisses angrily.
The spark wasp barely misses you.
You feel you are being watched by something.
The spark wasp stings you!
* * * LOW HITPOINT WARNING * * *
The spark wasp shocks you!
You die... , **,, , , * * ,, .s, ...##..# ,, * .ss

^.?#..#
##.^.###.....# ,
..#..^ss#......##
.......$........## ,
......^......^...* ,
,#..^...?#y...# ,
^###.^...###@..# ,
,..#.......#.y.##, ,
*,..............# ,
.^,#......$#^..#* *
* ..###....^###...#
# ,
...#......^#....# *
# ,
,................. #
.....^^^..........#*
....#..^..#../....#


You could see 2 spark wasps, 2 wolf spiders, an orb spider and 2 redbacks.

Vanquished Creatures
  Arachne (Spider:2)
  Rupert (D:12)
  Frances (Spider:2)
  Kirke (Spider:1)
  A fire giant (D:15)
  A frost giant (IceCv)
  A ghost moth (Spider:4)
  2 emperor scorpions (Spider:2)
  An ironheart preserver (D:13)
  A very ugly thing (D:14)
  3 entropy weavers
  Nessos (D:15)
  4 spark wasps
  Snorg (Lair:4)
  A fire dragon (Lair:6)
  Harold (D:7)
  A rakshasa (D:14)
  4 centaur warriors
  A catoblepas (D:13)
  An alligator (Lair:6)
  2 death knights
  13 death yaks
  A queen ant (Spider:1)
  3 two-headed ogres
  A tengu warrior (D:13)
  Urug (Orc:1)
  Sonja (Orc:1)
  A swamp dragon (Lair:6)
  3 unseen horrors
  An orc knight (Orc:1)
  A wizard (D:14)
  An orc sorcerer (Orc:1)
  6 ugly things
  15 orb spiders
  3 cyclopes
  31 wolf spiders
  A merfolk siren (Lair:2)
  5 elephants (Lair:5)
  2 manticores
  Joseph (D:7)
  3 centaur zombies
  6 black mambas
  A molten gargoyle (D:14)
  A guardian serpent (D:9)
  10 spiny frogs
  A torpor snail (Spider:1)
  An ice statue (IceCv)
  A redback zombie (D:15)
  11 demonic crawlers
  5 komodo dragons
  2 ice devils (Orc:1)
  A yaktaur (D:15)
  7 trolls
  25 jumping spiders
  34 polar bears
  3 hornets
  3 raiju (Lair:6)
  9 dream sheep
  A meliai zombie (D:12)
  4 hippogriffs
  11 slime creatures
  32 redbacks
  A shadow (D:14)
  23 tarantellas
  2 wyverns
  8 hogs
  3 vampires
  A human (D:7)
  60 yaks
  A wraith (D:12)
  3 steam dragons (Lair:6)
  A hungry ghost (D:14)
  6 wargs
  3 vampire mosquitoes (D:14)
  Menkaure (D:7)
  An acid dragon (D:15)
  9 water moccasins
  8 soldier ants
  12 hell hounds (Lair:6)
  8 porcupines
  Duvessa (D:7)
  10 orc warriors
  3 swamp drakes (Lair:6)
  2 eyes of draining
  2 ice beasts
  4 sky beasts
  16 black bears
  9 ogres
  31 wolves
  4 phantoms
  9 centaurs
  15 crocodiles
  4 big kobolds
  18 bullfrogs
  A gnoll sergeant (D:8)
  Dowan (D:7)
  7 scorpions
  A wyvern skeleton (D:10)
  2 water moccasin skeletons
  10 killer bees
  4 wights (D:9)
  5 howler monkeys
  A vampire bat (Lair:4)
  6 electric eels
  6 crimson imps
  A bullfrog zombie (D:13)
  A quasit (D:10)
  4 centaur skeletons
  15 hounds
  6 jellies
  11 orc wizards
  5 orc priests
  A bullfrog skeleton (D:7)
  6 iguanas
  26 worker ants
  2 killer bee zombies
  A hound zombie (D:11)
  Robin (D:4)
  A howler monkey skeleton (D:10)
  10 adders
  4 gnolls (D:8)
  A shadow imp (D:5)
  An adder skeleton (D:9)
  56 orcs
  3 ball pythons
  5 giant cockroaches
  10 goblins
  3 hobgoblins
  3 jackals (D:4)
  3 quokkas
  37 bats
  2 frilled lizards
  14 kobolds
  A quokka zombie (D:5)
  A rat (D:1)
  3 fungi
  4 plants
859 creatures vanquished.

Vanquished Creatures (collateral kills)
  A ghost moth (Spider:4)
  An entropy weaver (Spider:4)
  A spark wasp (Spider:4)
  5 hydras
  A tengu warrior (D:14)
  An orb spider (Spider:4)
  5 wolf spiders (Spider:4)
  3 hornets (Spider:4)
  A jumping spider (Spider:4)
  A slime creature (Lair:5)
  6 redbacks (Spider:4)
  A water moccasin (Lair:5)
  2 hell hounds (Lair:6)
  4 black bears (Lair:6)
  A wolf (Lair:6)
  2 bullfrogs
  2 jellies (Lair:5)
  A plant (Lair:6)
39 creatures vanquished.

Vanquished Creatures (others)
  A bullfrog (D:15)
  2 iguanas (Lair:6)
  3 fungi (Lair:5)
  13 plants
19 creatures vanquished.

Grand Total: 917 creatures vanquished

Notes
Turn   | Place    | Note
-------+----------+-------------------------------------------
     0 | D:1      | Flugslaktarn the Deep Dwarf Fighter began the quest for the
                  | Orb.
     0 | D:1      | Reached XP level 1. HP: 20/20 MP: 1/1
   117 | D:2      | Reached XP level 2. HP: 25/27 MP: 2/2
   250 | D:3      | Reached XP level 3. HP: 33/33 MP: 3/3
   320 | D:4      | Noticed a scorpion
   351 | D:4      | Killed a scorpion
   351 | D:4      | Reached skill level 5 in Axes
   351 | D:4      | Reached XP level 4. HP: 32/40 MP: 4/4
   403 | D:4      | Reached XP level 5. HP: 37/46 MP: 4/4
   415 | D:4      | Noticed Robin
   431 | D:4      | Killed Robin
   545 | D:4      | Found Reekhlue's Jewellery Emporium.
   737 | D:4      | Found a shimmering altar of Xom.
   738 | D:4      | Found a shimmering altar of Xom.
   752 | D:4      | Found a shimmering altar of Xom.
   839 | D:5      | Entered Level 5 of the Dungeon
   864 | D:5      | Found an opulent altar of Gozag.
   876 | D:5      | Reached XP level 6. HP: 51/55 MP: 4/4
  1286 | D:5      | Noticed a sky beast
  1299 | D:5      | Killed a sky beast
  1371 | D:5      | Reached XP level 7. HP: 45/61 MP: 5/5
  1713 | D:6      | Reached skill level 10 in Axes
  1748 | D:6      | Found Luxkiwuk's Food Boutique.
  1831 | D:6      | Reached XP level 8. HP: 68/68 MP: 6/6
  1877 | D:6      | Found an ancient bone altar of Kikubaaqudgha.
  1994 | D:7      | Noticed Joseph
  2016 | D:7      | Killed Joseph
  2157 | D:7      | Found a staircase to the Ecumenical Temple.
  2165 | Temple   | Entered the Ecumenical Temple
  2231 | Temple   | Became a worshipper of Makhleb the Destroyer
  2253 | D:7      | Noticed Harold
  2269 | D:7      | Killed Harold
  2269 | D:7      | Gained mutation: You passively map the area around you.
                  | [Deep Dwarf growth]
  2269 | D:7      | Reached XP level 9. HP: 34/76 MP: 4/7
  2469 | D:7      | Killed an unseen horror
  2469 | D:7      | Reached skill level 5 in Armour
  2470 | D:7      | Reached skill level 5 in Invocations
  2585 | D:7      | Noticed Menkaure
  2593 | D:7      | Killed Menkaure
  2714 | D:7      | Noticed Duvessa
  2714 | D:7      | Noticed Dowan
  2721 | D:7      | Killed Duvessa
  2731 | D:7      | Killed Dowan
  2760 | D:7      | Reached XP level 10. HP: 68/87 MP: 7/7
  2767 | D:7      | Reached * piety under Makhleb
  2767 | D:7      | Reached skill level 5 in Fighting
  3249 | D:8      | Noticed a two-headed ogre
  3267 | D:8      | Killed a two-headed ogre
  3870 | D:9      | Found a staircase to the Lair.
  3878 | D:9      | Reached ** piety under Makhleb
  3978 | D:9      | Noticed a guardian serpent
  3995 | D:9      | Killed a guardian serpent
  4078 | D:9      | Found a runed translucent gate.
  4140 | D:9      | Found a runed translucent gate.
  4140 | D:9      | Found a runed translucent gate.
  4195 | D:9      | Noticed a two-headed ogre
  4197 | D:9      | Found a hazy altar of Hepliaklqana.
  4197 | D:9      | Found an iron altar of Okawaru.
  4197 | D:9      | Found a basalt altar of Yredelemnul.
  4197 | D:9      | Found a glowing silver altar of Zin.
  4205 | D:9      | Killed a two-headed ogre
  4205 | D:9      | Reached XP level 11. HP: 90/99 MP: 6/6
  4320 | D:9      | Found a snail-covered altar of Cheibriados.
  4320 | D:9      | Found a radiant altar of Vehumet.
  4346 | D:9      | Noticed P0WERM0DE's ghost (novice DDFi)
  4364 | Lair:1   | Entered Level 1 of the Lair of Beasts
  5537 | Lair:2   | Found a staircase to the Shoals.
  5737 | Lair:3   | Reached *** piety under Makhleb
  5795 | Lair:3   | Reached skill level 10 in Invocations
  6180 | Lair:3   | Noticed a five-headed hydra
  6185 | Lair:3   | Reached XP level 12. HP: 100/110 MP: 6/6
  6191 | Lair:3   | Killed a seven-headed hydra
  6639 | Lair:4   | Found a hole to the Spider Nest.
  6721 | Lair:4   | Noticed Snorg
  6762 | Lair:4   | Killed Snorg
  6898 | Lair:4   | Noticed a seven-headed hydra
  6911 | Lair:4   | Killed an eight-headed hydra
  6911 | Lair:4   | Reached skill level 10 in Armour
  6961 | Lair:4   | Reached skill level 15 in Axes
  7402 | Lair:5   | Reached **** piety under Makhleb
  7563 | Lair:5   | Noticed a four-headed hydra
  7578 | Lair:5   | Killed a six-headed hydra
  7597 | Lair:5   | Found a staircase to the Slime Pits.
  8447 | Lair:6   | Entered Level 6 of the Lair of Beasts
  8527 | Lair:6   | Reached skill level 1 in Dodging
  8567 | Lair:6   | Reached XP level 13. HP: 93/121 MP: 7/7
  8713 | Lair:6   | Reached ***** piety under Makhleb
  8924 | Lair:6   | Reached skill level 10 in Fighting
  9073 | Lair:6   | Reached skill level 5 in Dodging
  9232 | Lair:6   | Reached ****** piety under Makhleb
  9715 | Lair:6   | Noticed a fire dragon
  9752 | Lair:6   | Killed a fire dragon
 10022 | D:10     | Entered Level 10 of the Dungeon
 10143 | D:10     | Gained mutation: You resist negative energy. (rN+) [Deep
                  | Dwarf growth]
 10143 | D:10     | Reached XP level 14. HP: 133/133 MP: 7/7
 10428 | D:10     | Found a staircase to the Orcish Mines.
 11479 | D:12     | Noticed Rupert
 11518 | D:12     | Killed Rupert
 11857 | D:12     | Found Ijeg's General Store.
 12301 | D:13     | Found Qang's Gadget Shoppe.
 12538 | D:13     | You fall through a shaft for 2 floors!
 12538 | D:15     | Entered Level 15 of the Dungeon
 12543 | D:15     | Found a shadowy altar of Dithmenos.
 12561 | D:15     | Found a staircase to the Depths.
 12561 | D:15     | Noticed a fire giant
 13022 | D:15     | Noticed Nessos
 13036 | D:15     | Killed Nessos
 13281 | D:15     | Killed a fire giant
 13529 | D:14     | Reached skill level 15 in Invocations
 13790 | D:14     | Noticed a cyan very ugly thing
 13829 | D:14     | Found Vieluu's Gadget Shoppe.
 13900 | D:14     | Killed a cyan very ugly thing
 13900 | D:14     | Reached XP level 15. HP: 91/142 MP: 6/6
 14527 | D:13     | Found a gate to the Vaults.
 14761 | Orc:1    | Entered Level 1 of the Orcish Mines
 14761 | Orc:1    | Noticed Sonja
 14761 | Orc:1    | Noticed Urug
 14763 | Orc:1    | Killed Sonja
 14789 | Orc:1    | Killed Urug
 14898 | Orc:1    | Found Foklaec's General Store.
 14928 | Orc:1    | Bought a +1 cloak for 161 gold pieces
 14928 | Orc:1    | Bought a scroll of blinking for 105 gold pieces
 14928 | Orc:1    | Bought a potion of haste for 140 gold pieces
 15439 | Orc:1    | Found a frozen archway.
 15464 | IceCv    | Entered an ice cave
 15947 | IceCv    | Noticed a frost giant
 15958 | IceCv    | Reached skill level 10 in Dodging
 15976 | IceCv    | Killed a frost giant
 16304 | Orc:2    | Entered Level 2 of the Orcish Mines
 16500 | Spider:1 | Entered Level 1 of the Spider Nest
 17216 | Spider:1 | Noticed Kirke
 17311 | Spider:1 | Killed Kirke
 17311 | Spider:1 | Reached XP level 16. HP: 100/154 MP: 2/2
 17343 | Spider:1 | You fall through a shaft!
 17943 | Spider:2 | Noticed Arachne
 17956 | Spider:2 | Killed Arachne
 17979 | Spider:2 | Noticed Frances
 17993 | Spider:2 | Killed Frances
 18547 | Spider:3 | Reached skill level 15 in Armour
 18994 | Spider:4 | Entered Level 4 of the Spider Nest
 19353 | Spider:4 | Slain by a spark wasp

Vault maps used:
D:1:      scummos_arrival_gate
D:2:      chequers_serial_rivers_micro_d, ebering_dispersal_statue_hall,
          uniq_jessica
D:4:      first_ration, serial_shops, shop, serial_bayou_ford_a,
          xom_redecorated, uniq_robin
D:5:      overflow_temple_1_default
D:6:      lemuel_round_altar, serial_shops, nicolae_shop_behind_doors
D:7:      minmay_chambers_of_sixes, minmay_temple_entry_mist, grunt_livestock,
          uniq_joseph, uniq_harold, uniq_menkaure, uniq_duvessa
D:8:      patterned_corridor
D:9:      chequers_temple_overflow_statue_of_worship,
          gammafunk_temple_overflow_statue, erik_lair_island,
          gammafunk_ghost_spectres, nrook_guardian_serpent_ordinary
D:10:     orc_0_dummy
D:12:     serial_shops, nicolae_shop_temple_entry_statues_fountains, uniq_rupert
D:13:     skrybe_vaults_entry_preservation, serial_shops, kennysheep_mini_moat,
          enter_bailey_8
D:14:     kennysheep_minor_cross, serial_shops,
          nicolae_shop_competitors_out_of_business
D:15:     grunt_enter_depths_giant_problem, basic_altar, uniq_nessos
Temple:   dshaligram_water_room_temple
Lair:2:   minmay_shoals_entry_lonely_mermaid, serial_bayou_shore_b
Lair:3:   beast_lair_carwin_large_4, nicolae_quartered_pool_super
Lair:4:   nicolae_spider_entry_orb_guardian, roderic_batcave,
          grunt_forest_stairs_basic, minmay_lair_oklob_chamber, uniq_snorg
Lair:5:   minmay_slime_entry_pillars, st_stairs_12,
          chequers_serial_rivers_room_b, serial_bayou_shore_a
Lair:6:   hangedman_lair_caniforms_friends, guppyfry_lair_end_dragon
Spider:1: cheibrodos_forgotten_conduit, minmay_another_anthill, uniq_kirke
Spider:2: uniq_frances, uniq_arachne
Spider:4: johnstein_spider_rune_arachne_lair, spiders_nest_ghost_moth_duel
Orc:1:    serial_shops, shop, portal_ice_cave_demonic_guard, mines_bat_river,
          uniq_sonja, uniq_urug
Orc:2:    grunt_orc_community_town_hall, grunt_orc_community_big_house_2,
          grunt_orc_community_big_house_1, grunt_orc_community_house_2,
          grunt_orc_community_house_1, grunt_orc_community_house_3,
          grunt_orc_community_house_3, grunt_orc_community_house_3,
          statue_in_the_mist_lemuel, uniq_erolcha
IceCv:    ice_cave_caverns_01

Skill      XL: |  1  2  3  4  5  6  7  8  9 10 11 12 13 14 15 16 |
---------------+-------------------------------------------------+-----
Axes           | 3 4 5 7 8 10 12 13 14 15 16 17 | 17.2
Fighting       | 3 4 6 7 9 10 11 12 13 | 13.1
Armour         | 4 5 7 9 11 12 13 14 15 | 15.2
Invocations    | 3 5 8 10 12 13 15 16 17 | 17.3
Dodging        | 1 6 8 10 11 | 11.7
Shields        | |  3.2

Action                   |  1- 3 |  4- 6 |  7- 9 | 10-12 | 13-15 | 16-18 || total
-------------------------+-------+-------+-------+-------+-------+-------++-------
Melee: War axe           |    80 |    41 |       |       |       |       ||   121
       Hand axe          |       |    55 |   153 |   564 |  1543 |       ||  2315
       Battleaxe         |       |       |       |       |   217 |   342 ||   559
       Unarmed           |       |       |       |       |    10 |       ||    10
Invok: Minor Destruction |       |       |       |     2 |       |       ||     2
       Lesser Servant of |       |       |       |     7 |     6 |       ||    13
       Greater Servant o |       |       |       |       |       |     2 ||     2
 Abil: Heal Wounds       |     1 |     3 |     7 |    30 |    38 |     4 ||    83
Evoke: Wand              |       |       |       |     6 |     3 |       ||     9
  Use: Scroll            |       |       |     7 |     1 |    34 |     2 ||    44
       Potion            |       |       |     2 |     2 |     4 |     1 ||     9
 Stab: Distracted        |       |       |       |     2 |     2 |     1 ||     5
       Confused          |       |       |       |     2 |       |       ||     2
       Petrified         |       |       |       |       |     5 |       ||     5
  Eat: Chunk             |       |     2 |     4 |    19 |    23 |     6 ||    54
       Ration            |       |       |       |       |     2 |       ||     2
Armor: Scale mail        |    32 |    40 |    32 |   161 |       |       ||   265
       Plate armour      |       |       |       |    20 |   712 |   273 ||  1005
Dodge: Dodged            |    25 |    32 |    28 |   140 |   931 |   504 ||  1660
Block: Shield            |    45 |    49 |    58 |   212 |   629 |       ||   993

Table legend:
 A = Non-vault XP
 B = Vault XP
 C = Vault XP percentage of total XP
 D = Non-vault monster count
 E = Vault monster count
 F = Vault count percentage of total count
                 A         B        C        D         E       F
            +---------+---------+-------+---------+---------+-------
      Total |  129816 |   82907 |  39.0 |     575 |     317 |  35.5
            +---------+---------+-------+---------+---------+-------
        D:1 |       9 |       0 |   0.0 |       6 |       0 |   0.0
        D:2 |      16 |       0 |   0.0 |       3 |       0 |   0.0
        D:3 |      28 |       0 |   0.0 |       9 |       0 |   0.0
        D:4 |     264 |      37 |  12.3 |      17 |      12 |  41.4
        D:5 |     455 |       0 |   0.0 |      11 |       0 |   0.0
        D:6 |     855 |       0 |   0.0 |      15 |       0 |   0.0
        D:7 |     778 |    4033 |  83.8 |      20 |      16 |  44.4
        D:8 |    2143 |      42 |   1.9 |      23 |       1 |   4.2
        D:9 |    2140 |     952 |  30.8 |      23 |       7 |  23.3
       D:10 |    4188 |       0 |   0.0 |      37 |       0 |   0.0
       D:11 |    3895 |       0 |   0.0 |      19 |       0 |   0.0
       D:12 |    4569 |    2605 |  36.3 |      53 |       1 |   1.9
       D:13 |    5895 |    4437 |  42.9 |      29 |       9 |  23.7
       D:14 |   13370 |       0 |   0.0 |      34 |       0 |   0.0
       D:15 |    4939 |    2904 |  37.0 |      17 |       2 |  10.5
     Lair:1 |    1105 |       0 |   0.0 |       4 |       0 |   0.0
     Lair:2 |    2815 |     490 |  14.8 |      10 |       1 |   9.1
     Lair:3 |    3343 |    3243 |  49.2 |      15 |      15 |  50.0
     Lair:4 |    3404 |    1727 |  33.7 |      12 |      10 |  45.5
     Lair:5 |    7442 |     443 |   5.6 |      28 |       5 |  15.2
     Lair:6 |   15383 |   13033 |  45.9 |      37 |      72 |  66.1
   Spider:1 |   10061 |   13630 |  57.5 |      29 |      43 |  59.7
   Spider:2 |   13669 |    6116 |  30.9 |      29 |       2 |   6.5
   Spider:3 |   14876 |       0 |   0.0 |      39 |       0 |   0.0
   Spider:4 |   10472 |   12511 |  54.4 |      26 |      33 |  55.9
      Orc:1 |    3054 |    2374 |  43.7 |      28 |      34 |  54.8
      Orc:2 |     648 |       0 |   0.0 |       2 |       0 |   0.0
      IceCv |       0 |   14330 | 100.0 |       0 |      54 | 100.0
            +---------+---------+-------+---------+---------+-------
